 Dungeon Crawl Stone Soup version 0.18.1-50-g88ac8fd (webtiles) character file.

4175 magog001 the Quickloader (level 10, -3/78 (80) HPs)
             Began as a Centaur Hunter on Mar 16, 2017.
             Slain by an orc warrior
             ... wielding a +0 battleaxe
              (16 damage)
             ... on level 7 of the Dungeon.
             The game lasted 01:03:20 (11312 turns).

magog001 the Quickloader (Centaur Hunter)          Turns: 11312, Time: 01:03:21

HP:   -3/78 (80)    AC: 13    Str: 18    XL:     10   Next: 8%
MP:   10/10         EV:  6    Int: 10    God:
Gold: 46            SH:  0    Dex: 12    Spells: 0 memorised, 9 levels left

rFire  . . .     SeeInvis .     s - +2 short sword (flame)
rCold  + . .     Gourm    .     u - +2 chain mail {rC+}
rNeg   . . .     Faith    .     (no shield)
rPois  .         Spirit   .     (helmet restricted)
rElec  .         Dismiss  .     c - +1 cloak
rCorr  .         Reflect  .     (no gloves)
SustAt .         Harm     .     (no barding)
MR     .....                    (no amulet)
Stlth  ..........               (no ring)
                                e - +1 ring of protection

@: drained, very quick, not resistant to hostile enchantments, extremely
unstealthy
A: antennae 1, hooves 3, agile 1, deformed body, speed 2, tough skin 3
a: no special abilities


You were on level 7 of the Dungeon.
You were not hungry.

You visited 1 branch of the dungeon, and saw 7 of its levels.
You also visited: Sewer.

You collected 293 gold pieces.
You spent 247 gold pieces at shops.

Inventory:

Hand Weapons
 a - a +2 hand crossbow
 k - a +1 mace of protection
 r - a +0 blowgun
 s - a +2 short sword of flaming (weapon)
Missiles
 d - 2 bolts
 q - 60 poisoned needles
Armour
 c - a +1 cloak (worn)
 f - a +1 robe of positive energy
 u - a +2 chain mail of cold resistance (worn)
Jewellery
 e - a +1 ring of protection (left hand)
Wands
 n - a wand of slowing (48/48)
Scrolls
 g - 2 scrolls of remove curse
 h - a scroll of magic mapping
 t - a scroll of teleportation {unknown}
 v - 2 scrolls of identify
Potions
 i - a potion of invisibility
 j - 3 potions of flight
 l - 4 potions of curing
 o - a potion of haste {unknown}
 w - a potion of heal wounds
 x - 2 potions of brilliance
Books
 b - a book of the Warp

   Spells                             Type                      Level
   a - Recall                         Summoning/Translocation      3
   b - Gell's Gravitas                Hexes/Translocation          3
   c - Force Lance                    Conjuration/Translocation    4
   d - Warp Weapon                    Charms/Translocation         5
   e - Summon Forest                  Summoning/Translocation      5
Comestibles
 m - 4 chunks of flesh
 p - 14 fruits


   Skills:
 + Level 4.7(4.0) Fighting
 + Level 2.5(1.8) Short Blades
 + Level 3.0(2.3) Maces & Flails
 * Level 10.9(10.0) Crossbows
 + Level 1.5(0.8) Throwing
 + Level 5.1(4.3) Armour
 + Level 4.5(3.8) Dodging
 + Level 1.2(0.5) Stealth
 + Level 0.3(0.0) Evocations


You had 9 spell levels left.
You didn't know any spells.

Dungeon Overview and Level Annotations

Branches:
Dungeon (7/15)             Temple (0/1) D:7

Altars:
Cheibriados
Fedhas
Gozag
Makhleb
Okawaru
Ru
Vehumet
Xom
Zin

Shops:
D:6 [!   D:7 !

Annotations:
D:6 magog001's ghost, novice FeVM


Innate Abilities, Weirdness & Mutations

You have hooves in place of feet.
Armour fits poorly on your strangely shaped body.
You cover ground very quickly.
You have extremely tough skin (AC +3).
You have a pair of small antennae on your head.
You are agile. (Dex +2)


Message History

The orc warrior hits you with a battleaxe.
You barely miss the orc warrior.
The orc warrior is almost dead.
The orc warrior hits you with a battleaxe!
You closely miss the orc warrior.
The orc warrior is almost dead.
Your chain mail prevents you from hitting the orc warrior.
Your kick misses the orc warrior.
The orc warrior is almost dead.
The orc warrior hits you with a battleaxe!
* * * LOW HITPOINT WARNING * * *
You closely miss the orc warrior. Your kick misses the orc warrior.
The orc warrior is almost dead.
The orc warrior hits you but does no damage.
Your chain mail prevents you from hitting the orc warrior.
The orc warrior is almost dead.
The orc warrior hits you with a battleaxe!
* * * LOW HITPOINT WARNING * * *
The orc warrior hits you with a battleaxe!
You die...

...............## #.# #######.
...........#....## #.# #.......
........##.....>.###.#####.#####.
).#.###.#.........)(...>...# #.
..#.###.##..."..p.########## ##.
#.........(......(# ##..
..#.###.##.((((#(.# ##... #.#.#
#.p..#.([o..# #.... #.#)#
#.##....##@.# ##...
#.#.###.###p#.##..### ##..
......p...>.#.##....# ##.
#.#_.............##.# ##
#.#####.######.####.# .......[#
#.# #.# .#.##.#.# #.# #.#
.#.##.#.# #.# #.# .#.##.#.# #.#
#.# ########


You could see an orc warrior and a neutral freed slave (wandering).

Vanquished Creatures
  Pikel (D:7)
  A hippogriff (D:6)
  A hungry ghost (D:7)
  The ghost of ReniFell the Changer, an amateur OpTm (D:4)
  2 orc warriors
  2 black bears (D:7)
  An ice beast (D:5)
  2 sky beasts
  4 necrophages (D:7)
  2 ogres
  A phantom (D:5)
  3 centaurs
  A big kobold (Sewer)
  2 giant frogs
  A scorpion (D:7)
  4 howler monkeys (D:7)
  A centaur zombie (D:5)
  3 crimson imps
  10 orc priests
  Crazy Yiuf (D:7)
  A quasit (D:5)
  3 hounds
  An iguana (D:5)
  14 orc wizards
  8 worker ants
  A killer bee zombie (D:6)
  A hound skeleton (D:4)
  2 worker ant zombies (D:7)
  A gnoll (D:7)
  10 adders
  A howler monkey skeleton (D:7)
  A river rat (Sewer)
  2 oozes (D:1)
  An adder skeleton (D:7)
  2 worms
  A dart slug (D:1)
  5 giant geckos
  37 orcs
  8 bats
  9 giant cockroaches
  11 goblins
  2 hobgoblins (D:1)
  5 jackals
  3 quokkas
  A ball python (D:7)
  2 giant newts (D:3)
  12 kobolds
  14 rats
203 creatures vanquished.

Vanquished Creatures (others)
  3 orc wizards (D:7)
  An adder (D:2)
  An ooze (D:2)
  A bush (D:7)
  9 plants (D:7)
15 creatures vanquished.

Grand Total: 218 creatures vanquished

Notes
Turn   | Place    | Note
--------------------------------------------------------------
     0 | D:1      | magog001 the Centaur Hunter began the quest for the Orb.
     0 | D:1      | Reached XP level 1. HP: 17/17 MP: 1/1
    72 | D:1      | Reached XP level 2. HP: 24/24 MP: 2/2
   142 | D:1      | Reached skill level 5 in Crossbows
   703 | D:1      | Reached XP level 3. HP: 29/29 MP: 3/3
  1931 | D:3      | Reached XP level 4. HP: 36/36 MP: 4/4
  1968 | D:3      | Reached skill level 6 in Crossbows
  2454 | D:3      | Reached XP level 5. HP: 39/41 MP: 5/5
  2758 | D:3      | Reached skill level 7 in Crossbows
  3039 | D:3      | Reached XP level 6. HP: 48/48 MP: 6/6
  3266 | D:4      | Noticed ReniFell's ghost (amateur OpTm)
  3269 | D:4      | Found a glowing drain.
  3304 | Sewer    | Entered a sewer
  3597 | Sewer    | Found a white marble altar of Elyvilon.
  3673 | D:4      | Killed ReniFell's ghost
  3673 | D:4      | Reached skill level 1 in Armour
  3953 | D:4      | Reached XP level 7. HP: 45/56 MP: 7/7
  4003 | D:4      | Noticed an angel
  4015 | D:4      | Found a shimmering altar of Xom.
  4025 | D:4      | Found a glowing silver altar of Zin.
  4273 | D:4      | Reached skill level 8 in Crossbows
  4375 | D:4      | Reached skill level 1 in Stealth
  4639 | D:4      | Reached skill level 1 in Short Blades
  4808 | D:4      | Found a burning altar of Makhleb.
  4809 | D:4      | Found a sacrificial altar of Ru.
  4809 | D:4      | Found a snail-covered altar of Cheibriados.
  4815 | D:4      | Found a radiant altar of Vehumet.
  4816 | D:4      | Found an iron altar of Okawaru.
  5095 | D:5      | Entered Level 5 of the Dungeon
  5244 | D:5      | Reached XP level 8. HP: 63/63 MP: 8/8
  5376 | D:5      | Reached skill level 9 in Crossbows
  6414 | D:5      | Reached skill level 1 in Throwing
  6538 | D:5      | Gained mutation: You are agile. (Dex +2) [mutagenic meat]
  6539 | D:5      | Gained mutation: You are frail (-10% HP). [mutagenic meat]
  6540 | D:5      | Gained mutation: You have a pair of small antennae on your head. [mutagenic meat]
  6541 | D:5      | Lost mutation: You are frail (-10% HP). [mutagenic meat]
  7157 | D:6      | Found Hamoa's Antique Armour Shoppe.
  7170 | D:6      | Bought a runed chain mail for 135 gold pieces
  7748 | D:7      | Noticed Crazy Yiuf
  7756 | D:7      | Killed Crazy Yiuf
  7842 | D:7      | Found an opulent altar of Gozag.
  8033 | D:7      | Reached skill level 10 in Crossbows
  8094 | D:7      | Reached XP level 9. HP: 67/70 MP: 9/9
  8754 | D:7      | Reached skill level 1 in Maces & Flails
  8870 | D:7      | Found a staircase to the Ecumenical Temple.
  9277 | D:7      | Found an iron altar of Okawaru.
  9682 | D:7      | Found a blossoming altar of Fedhas.
  9823 | D:7      | Noticed Pikel
  9854 | D:7      | Killed Pikel
  9963 | D:6      | Found Loec Qape's Distillery.
  9972 | D:6      | Noticed magog001's ghost (novice FeVM)
  9988 | D:7      | Reached skill level 5 in Armour
 10062 | D:7      | Reached XP level 10. HP: 69/78 MP: 10/10
 10464 | D:6      | Bought a potion of curing for 42 gold pieces
 10464 | D:6      | Bought a potion of heal wounds for 70 gold pieces
 11312 | D:7      | Slain by an orc warrior

Skill      XL: |  1  2  3  4  5  6  7  8  9 |
---------------+----------------------------+-----
Crossbows      | 5 6 7 8 10 | 10.9
Dodging        | 2 3 4 |  4.5
Armour         | 1 2 3 5 |  5.1
Stealth        | 1 |  1.2
Short Blades   | 1 2 |  2.5
Fighting       | 3 4 |  4.7
Throwing       | 1 |  1.5
Maces & Flails | 3 |  3.0
Evocations     | |  0.3

Action                   |  1- 3 |  4- 6 |  7- 9 | 10-12 || total
-------------------------+-------+-------+-------+-------++-------
Melee: Short sword       |       |   110 |   266 |    61 ||   437
       Kick              |       |    31 |   121 |    10 ||   162
       Dagger            |       |    83 |       |       ||    83
       Mace              |       |       |   271 |     7 ||   278
 Fire: Hand crossbow     |    77 |    81 |    85 |    12 ||   255
       Blowgun           |       |       |    18 |       ||    18
Evoke: Wand              |       |       |     2 |       ||     2
  Use: Scroll            |     5 |     2 |     2 |       ||     9
       Potion            |     3 |     3 |     7 |       ||    13
  Eat: Chunk             |     2 |     4 |    16 |       ||    22
       Pizza             |       |     1 |       |       ||     1
       Beef jerky        |       |       |     1 |       ||     1
       Bread ration      |       |       |     5 |       ||     5
       Meat ration       |       |       |     1 |       ||     1
       Royal jelly       |       |       |     1 |       ||     1
Armor: Leather armour    |    13 |    41 |       |       ||    54
       Ring mail         |       |    47 |    80 |       ||   127
       Chain mail        |       |       |   380 |    64 ||   444
Dodge: Dodged            |    15 |    89 |   210 |    26 ||   340
